 Dungeon Crawl Stone Soup version 0.17-a0-1382-gc46a074 (webtiles) character file.

4 l0ser140 the Sneak (level 1, 0/11 HPs)
             Began as a Spriggan Assassin on June 15, 2015.
             Slain by a giant gecko (4 damage)
             ... on level 1 of the Dungeon.
             The game lasted 00:01:08 (63 turns).

l0ser140 the Sneak (Spriggan Assassin)                Turns: 63, Time: 00:01:08

Health: 0/11       AC:  3    Str:  7    XL:     1   Next: 50%
Magic:  2/2        EV: 17    Int: 12    God:
Gold:   0          SH:  0    Dex: 17    Spells: 0 memorised, 0 levels left

rFire  . . .     SeeInvis +     a - +2 dagger
rCold  . . .     Clarity  .     c - +0 robe
rNeg   . . .     SustAt   .     (shield restricted)
rPois  .         Gourm    .     (helmet restricted)
rElec  .         Spirit   .     d - +0 cloak
rCorr  .         Warding  .     (gloves unavailable)
rMut   .         Stasis   .     (boots unavailable)
MR     .....                    (no amulet)
Stlth  ++++......               (no ring)
                                (no ring)

@: very quick, not resistant to hostile enchantments, stealthy
A: unfitting armour, see invisible, herbivore 3, speed 3, slow metabolism 2
a: no special abilities


You were on level 1 of the Dungeon.
You were not hungry.

You visited 1 branch of the dungeon, and saw 1 of its levels.

Inventory:

Hand weapons
 a - a +2 dagger (weapon)
 b - a +0 blowgun {@w1}
Missiles
 e - 8 poisoned needles
 f - 2 curare-tipped needles
Armour
 c - a +0 robe (worn)
 d - a +0 cloak (worn)
Scrolls
 h - a scroll of remove curse {unknown}
Comestibles
 g - 2 bread rations


   Skills:
 + Level 1.8 Fighting
 + Level 2.2 Short Blades
 + Level 2.1 Throwing
 + Level 1.5 Dodging
 + Level 5.9 Stealth


You couldn't memorise any spells.
You didn't know any spells.

Dungeon Overview and Level Annotations

Branches:
Dungeon (1/15)

Altars:


Innate Abilities, Weirdness & Mutations

You are tiny and cannot use many weapons and most armour.
You have supernaturally acute eyesight.
You are a herbivore.
You cover ground extremely quickly.
You need consume almost no food.


Message History

You hit the goblin.
You kill the goblin!
Things that are here:
a club; a goblin corpse
Found a scroll labeled TUICVEA POBO.
You barely miss the bat. The bat hits you but does no damage.
You hit the bat.
The bat is severely wounded.
The bat closely misses you.
No target in view!
The bat hits you but does no damage.
A bat is nearby!
A bat is nearby!
A bat is nearby!
You hit the bat.
You kill the bat!
g - 2 bread rations (gained 1)
A bat comes into view.
A bat is nearby!
A bat is nearby!
A bat is nearby!
The bat closely misses you.
You hit the bat but do no damage. The bat misses you.
You closely miss the bat. The bat misses you.
You hit the bat.
You kill the bat!
No target in view!
No target in view!
h - a scroll labeled TUICVEA POBO You open the large door. 2 giant geckos come into view.
The goblin shouts!
Found four items.
Found two escape hatches in the floor.
There are monsters nearby!
The troll shouts!
There is a large open door here.
The hobgoblin shouts!
You hit the giant gecko.
The giant gecko is heavily wounded.
The giant gecko bites you. The giant gecko barely misses you.
Huge Dmg: -36%(-4hp) hp: 55%(6hp)
The giant gecko bites you.
* * * LOW HITPOINT WARNING * * *
The giant gecko closely misses you.
Huge Dmg: -18%(-2hp) hp: 37%(4hp)
The giant gecko barely misses you.
The giant gecko bites you but does no damage.
Unknown command.
The giant gecko completely misses you. The giant gecko bites you.
You die... .. .... ..#.#.. ...#.#.##..#... ........... #.. #### ....#...#..##.. #>grr

#....#...##..#.
..rb#####.....#......#
?g8$#.8......##.....
#l'......&.....##.
#♥'......##.##..#.
#g.?T8l#.8.....#...#...
#...S#####.......#.....
#K⌠.⌠ ##..##....##....
########..#...#....#...
.....................#
######################


You could see a troll, 2 giant geckos, a hobgoblin (wandering), a bat, a ball
python, a kobold (wandering) and 2 rats.

Vanquished Creatures
  3 bats (D:1)
  A goblin (D:1)
4 creatures vanquished.

Notes
Turn   | Place    | Note
--------------------------------------------------------------
     0 | D:1      | l0ser140 the Spriggan Assassin began the quest for the Orb.
     0 | D:1      | Reached XP level 1. HP: 10/10 MP: 2/2
    58 | D:1      | Noticed a troll
    61 | D:1      | Huge Dmg: 4 Dmg
    62 | D:1      | Huge Dmg: 2 Dmg
    63 | D:1      | Slain by a giant gecko

Vault maps used:
D:1:      erik_arrival_cave_to_civilisation, minmay_misc_feat_pillars

Action                   || total
-------------------------++-------
Melee: Dagger            ||     9
 Stab: Sleeping          ||     1

Vault maps used:
D:1:      erik_arrival_cave_to_civilisation, minmay_misc_feat_pillars
